Map: Ruins of Seras

Players

Winner - Winner!

  • Race: Zerg Zerg
  • League: Silver

SticklerMac

  • Race: Zerg Zerg
  • League: Silver

VOD

Have the link to the VOD?

Description

Time

  • Played on: Sept. 28, 2015, 10:24 p.m.
  • Length: 12:24
Show
View Real Time Build Order
Export as new Build Order

Winner Zerg - Winner!

Build Orders: Hatch First 

Get SALT Encoding   

  12  0:01  Drone  
  13  0:08  Drone  
  14  0:19  Drone, Extractor  
  15  0:24  Overlord  
  15  0:43  Drone x2  
  15  0:46  Drone  
  18  0:55  Drone  
  19  1:04  Hatchery  
  18  1:18  Spawning Pool  
  17  1:19  Extractor  
  16  1:30  Drone x3  
  19  1:45  Overlord  
  19  2:06  Zergling x4  
  19  2:07  Queen  
  23  2:19  Baneling Nest  
  23  2:20  Drone x2  
  23  2:21  Queen  
  26  2:29  Drone  
  27  2:30  Drone  
  28  2:38  Drone  
  28  2:42  Drone  
  30  2:55  Spine Crawler  
  30  2:58  Drone x3  
  30  3:02  Overlord  
  30  3:05  Baneling x4  
  32  3:14  Roach Warren  
  31  3:22  Lair, Extractor  
  32  3:27  Drone x3  
  33  3:36  Zergling x6  
  35  3:52  Zergling x4  
  35  3:54  Roach x3  
  43  3:56  Baneling  
  43  3:57  Baneling  
  43  4:05  Overlord x2  
  37  4:28  Glial Reconstitution  
  37  4:32  Roach x3  
  37  4:33  Drone  
  44  4:47  Overseer  
  44  4:51  Roach x3  
  50  4:55  Roach  
  52  5:00  Overlord  
  52  5:08  Roach  
  52  5:09  Roach  
  52  5:10  Roach  
  58  5:27  Baneling  
  58  5:28  Roach x3  
  64  5:32  Roach  
  67  5:35  Drone  
  67  5:37  Overlord x2  
  67  5:56  Roach x5, Extractor  
  67  5:57  Extractor  
  75  6:24  Roach x6  
  79  6:32  Roach  
  77  6:33  Roach  
  75  6:43  Roach  
  75  6:45  Roach  
  75  6:54  Roach x2  
  79  7:13  Roach  
  79  7:14  Roach x4  
  83  7:22  Roach x3  
  83  7:36  Roach x5  
  83  7:48  Overlord x2  
  79  8:05  Roach  
  79  8:06  Roach x4  
  87  8:16  Roach x2  
  87  8:19  Roach  
  93  8:40  Roach  
  93  8:41  Roach x2  
  99  8:52  Roach  
  91  8:56  Roach  
  91  8:57  Roach x3  
  91  8:58  Roach  
  87  9:08  Roach  
  87  9:09  Roach  
  79  9:10  Roach  
  75  9:21  Roach x2  
  81  9:31  Roach x2  
  81  9:32  Roach  
  85  9:42  Roach x2  
  89  9:56  Roach x3  
  89  9:59  Roach  
  97  10:17  Overlord  
  97  10:25  Nydus Network  
  96  10:39  Drone  
  96  10:40  Drone x2  
  96  10:42  Roach x2  
  103  11:05  Nydus Canal  
  103  11:07  Roach x2  
  103  11:11  Overlord x2  
  107  11:24  Nydus Canal  
  107  11:29  Roach x6  
  107  11:31  Roach  
  99  11:46  Roach x4  
  105  11:59  Roach x3  
  111  12:03  Nydus Canal  
  113  12:17  Nydus Canal  
Show
View Real Time Build Order
Export as new Build Order

SticklerMac Zerg 

Build Orders: Hatch First, Zergling Baneling 

Get SALT Encoding   

  12  0:01  Drone  
  13  0:13  Overlord  
  13  0:21  Drone  
  14  0:25  Drone, Extractor  
  15  0:32  Drone  
  16  0:39  Drone  
  17  0:45  Drone  
  18  1:01  Hatchery  
  18  1:03  Drone  
  18  1:07  Extractor  
  18  1:08  Drone  
  18  1:22  Spawning Pool  
  18  1:25  Drone  
  18  1:28  Drone  
  19  1:46  Drone  
  20  1:51  Drone  
  21  2:03  Overlord  
  21  2:09  Metabolic Boost  
  21  2:12  Queen  
  21  2:14  Queen  
  25  2:18  Zergling x2  
  26  2:23  Overlord  
  26  2:34  Drone  
  26  2:36  Baneling Nest  
  26  2:37  Drone  
  27  2:45  Drone x2  
  27  2:46  Drone  
  30  2:54  Zergling x4  
  31  3:06  Zergling x4  
  33  3:13  Zergling x2  
  33  3:16  Zergling x2  
  35  3:26  Zergling x4  
  37  3:34  Zergling x8  
  37  3:35  Zergling x6  
  42  3:48  Baneling x3  
  42  3:50  Baneling x6  
  42  3:51  Zergling x2  
  42  3:55  Overlord x2  
  40  4:16  Zergling x16  
  41  4:17  Zergling x2  
  39  4:26  Drone x3  
  39  4:28  Drone  
  39  4:30  Baneling  
  39  4:31  Baneling  
  43  4:40  Roach Warren  
  43  4:43  Extractor  
  41  4:51  Drone x4  
  41  4:52  Drone  
  46  5:00  Drone x3  
  49  5:18  Drone  
  49  5:19  Drone  
  49  5:20  Zergling x2  
  54  5:21  Roach x3  
  54  5:25  Overlord x2  
  58  5:48  Roach  
  58  5:49  Roach x7  
  74  5:52  Overlord x2  
  74  6:07  Roach  
  73  6:23  Roach x2  
  73  6:24  Zergling x10  
  70  6:33  Roach  
  68  6:41  Roach  
  68  6:43  Zergling x2  
  68  6:50  Zergling x2  
  68  6:51  Zergling x12  
  75  6:57  Roach x2  
  75  6:59  Queen x2  
  81  7:04  Spine Crawler  
  81  7:06  Spine Crawler  
  79  7:11  Roach  
  79  7:12  Roach x2  
  80  7:22  Roach x2  
  82  7:25  Zergling x4  
  80  7:35  Zergling x4  
  80  7:45  Roach x2  
  83  7:54  Roach  
  80  8:02  Roach x2  
  82  8:12  Roach x3  
  88  8:13  Roach  
  88  8:14  Zergling x2  
  88  8:18  Overlord x5  
  91  8:24  Lair  
  91  8:36  Zergling x6  
  91  8:41  Zergling x2  
  93  8:42  Zergling x6  
  93  8:43  Roach x3  
  93  8:44  Roach x2  
  106  8:54  Roach  
  106  8:55  Roach  
  96  9:02  Zergling x2  
  82  9:03  Roach  
  82  9:08  Queen  
  76  9:12  Roach x2, Zergling x2  
  76  9:13  Roach  
  79  9:17  Zergling x2  
  80  9:38  Roach x4  
  86  9:44  Overseer  
  86  9:45  Zergling x4  
  88  9:48  Queen  
  90  9:55  Drone x2  
  92  10:05  Spine Crawler  
  92  10:06  Spine Crawler x2  
  89  10:11  Zergling x2  
  89  10:12  Zergling x2  
  91  10:19  Glial Reconstitution  
  91  10:22  Zergling x4  
  91  10:24  Evolution Chamber  
  92  10:32  Roach x5  
  101  10:45  Zergling x4  
  103  10:53  Roach x3  
  110  10:57  Drone x2, Extractor  
  110  11:03  Extractor  
  109  11:04  Roach x2  
  99  11:28  Roach  
  99  11:29  Roach x5  
  87  11:34  Zergling x2  
  87  11:37  Roach x2  
  87  11:39  Zergling x2  
  74  11:52  Roach x2, Zergling x4  
  74  11:53  Zergling x2  
Tags
 
Add a new tag
Caveats
  • Supply blocks, unpowered buildings, or Contaminate may cause inaccurate times.
  • Supply counts are checked every 10 seconds.